 Dungeon Crawl Stone Soup version 0.19-a0-1224-g978f909 (webtiles) character file.

359 Lindan9 the Sneak (level 6, 0/42 HPs)
             Began as a Vampire Ice Elementalist on Aug 24, 2016.
             Was an Initiate of Yredelemnul.
             Slain by an orc wizard
             ... wielding a +0 dagger
              (3 damage)
             ... on level 5 of the Dungeon.
             The game lasted 00:10:51 (4438 turns).

Lindan9 the Sneak (Vampire Ice Elementalist)        Turns: 4438, Time: 00:10:51

Health: 0/42       AC:  0    Str:  7    XL:     6   Next: 37%
Magic:  9/11       EV: 22    Int: 19    God:    Yredelemnul [......]
Gold:   221        SH:  0    Dex: 20    Spells: 1 memorised, 10 levels left

rFire  . . .     SeeInvis +     (weapon currently unavailable)
rCold  . . .     Gourm    .     (armour currently unavailable)
rNeg   + . .     Faith    .     (shield currently unavailable)
rPois  .         Spirit   .     (helmet currently unavailable)
rElec  .         Dismiss  .     (cloak currently unavailable)
rCorr  .         Reflect  .     (gloves currently unavailable)
MR     .....     Harm     .     (boots currently unavailable)
Stlth  ++++......               (no amulet)
                                (ring currently unavailable)
                                (ring currently unavailable)

@: bat-form, flying, very quick
A: fangs 3, see invisible, (unbreathing)
a: End Transformation, Renounce Religion


You were on level 5 of the Dungeon.
You worshipped Yredelemnul.
Yredelemnul was noncommittal.
You were not thirsty.
You were in vampire-bat-form.
You visited 2 branches of the dungeon, and saw 6 of its levels.

You collected 221 gold pieces.

Inventory:

Hand Weapons
 d - a +0 dagger of venom (melded)
 l - a +3 dagger of flaming
Armour
 a - a +2 robe (melded)
 h - a +1 pair of boots (melded)
Jewellery
 i - a ring of protection from magic (melded)
 m - a ring of magical power (melded)
Scrolls
 n - 3 scrolls of identify
 q - a scroll of amnesia {unknown}
Potions
 c - 8 potions of blood
 e - a potion of brilliance {unknown}
 f - 3 potions of ambrosia {unknown}
 j - a potion of haste {unknown}
 k - a potion of mutation {unknown}
 o - a potion of might {unknown}
 p - a potion of heal wounds {unknown}
 r - a potion of lignification {unknown}
Books
 b - a book of Frost

   Spells                             Type                      Level
   a - Freeze                         Ice                          1
   b - Throw Frost                    Conjuration/Ice              2
   c - Ozocubu's Armour               Charms/Ice                   3
   d - Throw Icicle                   Conjuration/Ice              4
   e - Summon Ice Beast               Ice/Summoning                4


   Skills:
 + Level 0.3 Fighting
 + Level 0.4 Short Blades
 + Level 3.8 Dodging
 + Level 5.2 Stealth
 + Level 3.3 Spellcasting
   Level 0.6 Conjurations
 + Level 4.9 Ice Magic


You had 10 spell levels left.
You knew the following spells:

 Your Spells              Type           Power        Failure   Level  Hunger
a - Freeze                Ice            ###.         1%          1    None


Dungeon Overview and Level Annotations

Branches:
Dungeon (5/15)             Temple (1/1) D:4

Altars:
Dithmenos
Hepliaklqana
Okawaru
Xom
Yredelemnul


Innate Abilities, Weirdness & Mutations

You have razor-sharp teeth.
You have supernaturally acute eyesight. (SInv)
((You can survive without breathing.))


Message History

The hound skeleton barely misses you. The orc hits you but does no damage.
The hound skeleton bites you but does no damage.
The hound skeleton barely misses you.
The orc wizard mumbles some strange words.
The orc wizard flickers and vanishes for a moment.
The hound skeleton closely misses you. The orc wizard barely misses you.
The hound skeleton misses you. The hound skeleton bites you.
* * * LOW HITPOINT WARNING * * *
The orc wizard closely misses you.
You see here a scale mail.
You turn into a vampire bat.
Your +0 dagger of venom melds into your body.
Your +1 pair of boots melds into your body.
Your +2 robe melds into your body.
Your ring of protection from magic melds into your body.
Your ring of magical power melds into your body.
Your +0 dagger of venom stops dripping with poison.
You feel your magic capacity decrease. The orc wizard hits you with a dagger.
You die...
Yredelemnul claims you as an undead slave.

......#.#.#
.)........#
.......?..######
......._........
.......(..#######
..###.....#####.#
#####.........#
+...........#.#
#######o..#.#b#
#......#.#o#
####.##.###§#o#
.......§§§§§.Z#
.......§§§§§w.#
.......§w§§...#
.###....§§....#
############


You could see an orc wizard (invisible), a dart slug, an orc and a quokka
skeleton.

Vanquished Creatures
  A centaur (D:5)
  A howler monkey (D:5)
  An orc priest (D:3)
  Jessica (D:3)
  A worker ant (D:5)
  4 adders
  A shadow imp (D:5)
  An ooze (D:3)
  2 adder skeletons (D:4)
  A worm (D:4)
  A dart slug (D:2)
  A giant gecko (D:1)
  17 orcs
  7 giant cockroaches
  4 goblins
  5 hobgoblins
  12 jackals
  8 kobolds
  2 quokkas (D:2)
  6 bats
  5 giant newts
  A quokka skeleton (D:5)
  6 rats
89 creatures vanquished.

Notes
Turn   | Place    | Note
-------+----------+-------------------------------------------
     0 | D:1      | Lindan9 the Vampire Ice Elementalist began the quest for the Orb.
     0 | D:1      | Reached XP level 1. HP: 13/13 MP: 3/3
   583 | D:1      | Reached XP level 2. HP: 19/19 MP: 3/5
  1439 | D:2      | Reached XP level 3. HP: 24/24 MP: 6/6
  1736 | D:2      | Reached skill level 4 in Stealth
  2179 | D:3      | Noticed Jessica
  2183 | D:3      | Killed Jessica
  2183 | D:3      | Reached XP level 4. HP: 30/30 MP: 7/7
  3013 | D:3      | Reached skill level 5 in Stealth
  3014 | D:3      | Reached XP level 5. HP: 19/36 MP: 8/8
  3454 | D:4      | Found a staircase to the Ecumenical Temple.
  3526 | Temple   | Entered the Ecumenical Temple
  3532 | Temple   | Became a worshipper of Yredelemnul the Dark
  3883 | D:4      | Found a hazy altar of Hepliaklqana.
  4068 | D:5      | Entered Level 5 of the Dungeon
  4078 | D:5      | Found an iron altar of Okawaru.
  4100 | D:5      | Reached XP level 6. HP: 25/42 MP: 10/10
  4435 | D:5      | HP: 2/42 [hound skeleton (2)]
  4438 | D:5      | Slain by an orc wizard

Vault maps used:
D:1:      evilmike_arrival_rings, hangedman_decor_growths
D:3:      first_bread, minmay_strange_pillars, kennysheep_generic_room_13,
          uniq_jessica
D:4:      marbit_many_paths
D:5:      overflow_temple_1_default, basic_altar, elyvilon_altar_5
Temple:   zaba_magenta_temple

Skill      XL: |  1  2  3  4  5 |
---------------+----------------+-----
Stealth        | 4 5 |  5.2
Ice Magic      | 4 |  4.9
Dodging        | 3 |  3.8
Spellcasting   | 3 |  3.3
Fighting       | |  0.3
Short Blades   | |  0.4
Conjurations   | |  0.6

Action                   |  1- 3 |  4- 6 || total
-------------------------+-------+-------++-------
Melee: Dagger            |    48 |    83 ||   131
       Bite              |     4 |     6 ||    10
 Cast: Freeze            |    26 |    67 ||    93
 Abil: Bat Form          |       |     1 ||     1
  Use: Scroll            |     6 |     5 ||    11
       Potion            |     4 |     8 ||    12
 Stab: Sleeping          |     8 |    13 ||    21
Armor: Robe              |    11 |    48 ||    59
Dodge: Dodged            |    33 |   117 ||   150
